 Seeded DCSS version 0.25-a0-88-g1777079 (webtiles) character file.

Game seed: 4400421746565102357, levelgen mode: deterministic

104820 Anathematize the Brawler (level 16, 90/90 HPs)
             Began as a Vine Stalker Abyssal Knight on Oct 1, 2019.
             Was the Champion of Lugonu.
             Quit the game on level 2 of the Spider Nest on Nov 10, 2019.
             The game lasted 03:48:27 (29823 turns).

Anathematize the Brawler (VSAK)                    Turns: 29823, Time: 03:48:27

Health: 90/90      AC: 29    Str: 25    XL:     16   Next: 39%
Magic:  27/27      EV: 13    Int: 18    God:    Lugonu [******]
Gold:   1784       SH: 10    Dex: 24    Spells: 12/15 levels left

rFire    + + .     SeeInvis .     - Unarmed
rCold    + . .     Gourm    .   I - +1 buckler {AC+3}
rNeg     + . .     Faith    .   e - +6 chain mail of the Bruised Hells {MR+ Str-5 Dex+9}
rPois    +         Spirit   +   Y - +2 helmet of Watchfulness {rC+ MR+ Stlth+}
rElec    .         Reflect  +   S - +2 cloak {rPois}
rCorr    .         Harm     .   W - +1 pair of gloves {archery}
MR       +++++                  w - +1 pair of boots of Ynlesayh {rF+ Int+2 Stlth+}
Stlth    +.........             f - +3 amulet of reflection
HPRegen  1.05/turn              E - ring of Patience {rPois rF+ rN+ Str+4 Slay+3}
MPRegen  0.20/turn              V - ring of Vysoysar {MR+ Str+5 Int+4}

@: studying Unarmed Combat
A: fangs 3, regeneration 2, magic shield, antimagic bite, no potion heal 3, rot
immunity
a: Depart the Abyss, Bend Space, Banish, Corrupt, Enter the Abyss, Brand Weapon
With Distortion, Renounce Religion


You were on level 2 of the Spider Nest.
You worshipped Lugonu.
Lugonu was exalted by your worship.
You were not hungry.

You visited 4 branches of the dungeon, and saw 24 of its levels.
You visited the Abyss 1 time.
You also visited: Ossuary, Gauntlet, Ice Cave and Volcano.

You collected 2902 gold pieces.
You spent 1118 gold pieces at shops.

Inventory:

Hand Weapons
 T - the +8 demon trident "Rift" {distort, reach+}
   (You took it off a tengu warrior on level 12 of the Dungeon)

   It warps and distorts space around it.
   Unwielding it can cause banishment or high damage.
Missiles
 g - 3 curare-tipped darts
 u - 91 poisoned darts (quivered)
 x - 4 atropa-tipped darts
 J - 2 throwing nets
 K - 4 datura-tipped darts
Armour
 e - the +6 chain mail of the Bruised Hells (worn) {MR+ Str-5 Dex+9}
   (You found it on level 2 of the Lair of Beasts)

   It affects your strength (-5).
   It affects your dexterity (+9).
   It affects your resistance to hostile enchantments.
 t - the +1 helmet of the Country {-Tele rC+ Str+2}
   (You found it in a Gauntlet)

   It affects your strength (+2).
   It protects you from cold.
   It prevents most forms of teleportation.
 w - the +1 pair of boots of Ynlesayh (worn) {rF+ Int+2 Stlth+}
   (You found it on level 15 of the Dungeon)

   It affects your intelligence (+2).
   It protects you from fire.
   It makes you more stealthy.
 I - a +1 buckler of protection (worn)
 S - a +2 cloak of poison resistance (worn)
 W - a +1 pair of gloves of archery (worn)
 Y - the +2 helmet of Watchfulness (worn) {rC+ MR+ Stlth+}
   (You found it in a volcano)

   It protects you from cold.
   It affects your resistance to hostile enchantments.
   It makes you more stealthy.
Jewellery
 f - a +3 amulet of reflection (around neck)
 h - an uncursed ring of see invisible
 k - an uncursed ring of resist corrosion
 o - an uncursed ring of positive energy
 C - an uncursed amulet of guardian spirit {unknown}
 E - the ring of Patience (left hand) {rPois rF+ rN+ Str+4 Slay+3}
   (You took it off a minotaur in a Gauntlet)

   [ring of strength]

   It affects your strength (+4).
   It affects your accuracy and damage with ranged weapons and melee attacks
   (+3).
   It protects you from fire.
   It protects you from poison.
   It protects you from negative energy.
 G - the ring "Ottoig" {rElec Str+4 Int+2}
   (You found it in an ice cave)

   [ring of intelligence]

   It affects your strength (+4).
   It affects your intelligence (+2).
   It insulates you from electricity.
 R - an uncursed ring of protection from cold
 V - the ring of Vysoysar (right hand) {MR+ Str+5 Int+4}
   (You found it on level 4 of the Lair of Beasts)

   [ring of protection from magic]

   It affects your strength (+5).
   It affects your intelligence (+4).
   It affects your resistance to hostile enchantments.
Wands
 z - a wand of acid (16)
 B - a wand of digging (16)
Scrolls
 a - 3 scrolls of acquirement
 i - 15 scrolls of teleportation
 j - a scroll of silence
 p - 3 scrolls of fog
 q - 6 scrolls of enchant armour
 s - 11 scrolls of remove curse
 v - 3 scrolls of fear
 F - 4 scrolls of amnesia
 H - 2 scrolls of blinking
 L - 2 scrolls of magic mapping
 P - a scroll of identify
 Q - a scroll of summoning
 U - a scroll of vulnerability
Potions
 b - a potion of magic
 l - 3 potions of agility
 m - 2 potions of invisibility
 n - 3 potions of brilliance
 r - 8 potions of curing
 y - a potion of cancellation {unknown}
 A - 4 potions of flight
 D - 3 potions of might
 M - 3 potions of lignification
 N - 3 potions of haste
 X - 2 potions of berserk rage
 Z - 4 potions of mutation
Books
 d - a manual of Unarmed Combat
Comestibles
 c - 45 rations


   Skills:
 + Level 12.4 Fighting
 - Level 1.7 Polearms
 - Level 6.0 Throwing
 - Level 5.0 Armour
 + Level 5.8 Dodging
 - Level 1.4 Stealth
 - Level 4.0 Shields
 * Level 18.3 Unarmed Combat
 + Level 14.5 Invocations


You had 12 spell levels left.
You knew the following spells:

 Your Spells              Type           Power        Failure   Level  Hunger
a - Regeneration          Chrm/Necr      #.........   99%         3    ####...

Your spell library contained the following spells:

 Spells                   Type           Power        Failure   Level  Hunger
 Animate Skeleton         Necr           N/A          80%         1    ##.....
 Corona                   Hex            #......      80%         1    ##.....
 Magic Dart               Conj           #...         80%         1    ##.....
 Pain                     Necr           #...         80%         1    ##.....
 Blink                    Tloc           N/A          91%         2    ###....
 Call Imp                 Summ           #.......     91%         2    ###....
 Slow                     Hex            #.......     91%         2    ###....
 Conjure Flame            Conj/Fire      #.......     99%         3    ####...
 Dazzling Spray           Conj/Hex       #.....       99%         3    ####...
 Ignite Poison            Fire/Tmut/Pois #.......     99%         3    ####...
 Inner Flame              Hex/Fire       #.......     99%         3    ####...
 Mephitic Cloud           Conj/Pois/Air  #.......     99%         3    ####...
 Portal Projectile        Hex/Tloc       #.....       99%         3    ####...
 Vampiric Draining        Necr           #.........   99%         3    ####...
 Animate Dead             Necr           N/A          100%        4    #####..
 Cause Fear               Hex            #.........   100%        4    #####..
 Leda's Liquefaction      Hex/Erth       #.........   100%        4    #####..
 Bolt of Magma            Conj/Fire/Erth #.........   100%        5    ######.
 Irradiate                Conj/Tmut      #.........   100%        5    ######.
 Iskenderun's Battlesphe  Conj/Chrm      #.......     100%        5    ######.
 Venom Bolt               Conj/Pois      #.........   100%        5    ######.
 Hydra Form               Tmut           #.........   100%        6    #######
 Iron Shot                Conj/Erth      #.........   100%        6    #######
 Statue Form              Tmut/Erth      #........    100%        6    #######
 Dragon Form              Tmut           #.........   100%        7    #######
 Orb of Destruction       Conj           #.........   100%        7    #######
 Ring of Flames           Chrm/Fire      #.........   100%        7    #######
 Spellforged Servitor     Conj/Summ      #.........   100%        7    #######


Dungeon Overview and Level Annotations

Branches:
Dungeon (15/15)            Temple (0/1) D:4            Lair (5/6) D:8
 Shoals (0/4) Lair:4       Spider (2/4) Lair:3        Slime (0/5) Lair:5
    Orc (2/2) D:9             Elf (0/3) Orc:2        Vaults (0/5) D:14
 Depths (0/5) D:15        Ossuary (visited)           IceCv (visited)
Volcano (visited)         Gauntlet (visited)

Altars:
Cheibriados
Dithmenos
Elyvilon
Gozag
Makhleb
Nemelex Xobeh
Okawaru
Sif Muna
Trog
Vehumet
Xom
Yredelemnul
The Shining One
Beogh
Jiyva

Shops:
D:7 *   D:10 ?   D:15 ?   Orc:2 [}:=

Annotations:
D:2 Robin
D:3 exclusion: upstairs
D:5 1 runed translucent door, Hefu's ghost, novice FoFi
D:7 exclusion: downstairs
D:10 corrupted
D:15 1 runed translucent door
Lair:1 exclusion: oklob plant
Abyss:1 Josephine; Nergalle; Snorg


Innate Abilities, Weirdness & Mutations

You have razor-sharp teeth.
You heal very quickly.
When hurt, damage is shared between your health and your magic reserves.
Your bite disrupts and absorbs the magic of your enemies.
Potions cannot restore your health.
You are immune to rotting.


Message History

Found a stone staircase leading down.
Found a stone staircase leading down.
You now have 1784 gold pieces (gained 30).
There is a stone staircase leading down here.
Done exploring.
Done exploring.
Things that are here:
a redback corpse x2
There is a stone staircase leading down here.
Save game and exit?
Welcome back, Anathematize the Vine Stalker Abyssal Knight.
Lugonu says: Spread carnage and corruption!
Press ? for a list of commands and other information.
Save game and exit?
Welcome back, Anathematize the Vine Stalker Abyssal Knight.
Lugonu says: Spread carnage and corruption!
Press ? for a list of commands and other information.
Quiver which item? (- for none, * to show all) (? for menu, Esc to quit)
Okay, then.
Are you sure you want to abandon this character and quit the game? (Confirm with "yes".)

.#.#.....#..#...####
####.#.#...###...#
..#######....#######
.###....#.#.##...#.###
...#...^#####..^##...#
.....####.##..##....##
##...#..#......^..^.#
#..#...##...##..#####
#..#...#†..##...@...#
#..#.#..†...##......#
(..#.#...#####.##>.##
##..#..#.....####^##
#...#..#...>.# ###
...##..#..####
..##...#....#
#.#...##...###
####..#.?....#


There were no monsters in sight!

Vanquished Creatures
  A lich (D:15)
  Kirke (Spider:1)
  Gastronok (D:10)
  The ghost of AyAyRon the Bludgeoner, an adept DsFi of Yredelemnul (D:15)
  An entropy weaver (Spider:2)
  A minotaur (Gauntlet)
  An ettin (D:15)
  2 death oozes (Gauntlet)
  A yaktaur captain (D:15)
  2 fire dragons
  5 hydras
  5 centaur warriors (D:15)
  2 dancing weapons (D:14)
  A two-headed ogre (D:15)
  3 tengu warriors
  5 death yaks
  2 sixfirhies (Gauntlet)
  A wizard (D:15)
  A skeletal warrior (D:12)
  A deep troll (D:15)
  2 unseen horrors (D:15)
  A deep troll (shapeshifter) (D:15)
  A necromancer (D:15)
  3 orb spiders
  A phantasmal warrior (D:15)
  4 deep elf magi
  7 ugly things
  8 wolf spiders
  A manticore (D:14)
  2 cyclopes (D:12)
  A salamander (Volcano)
  Psyche (D:10)
  An ice statue (IceCv)
  8 spiny frogs
  3 black mambas
  Joseph (D:10)
  2 torpor snails
  2 gargoyles
  6 komodo dragons
  2 yaktaurs
  2 kobold demonologists (D:15)
  6 demonic crawlers
  2 tengu conjurers
  5 trolls
  2 ice devils (Orc:1)
  A queen bee (D:12)
  11 jumping spiders
  A jumping spider (shapeshifter) (D:12)
  3 hornets
  13 polar bears
  4 meliai
  3 slime creatures (D:13)
  9 hippogriffs
  3 blink frogs (Lair:5)
  Sigmund (D:5)
  3 vampires (D:15)
  A water elemental (D:14)
  9 wyverns
  A shadow (D:11)
  9 tarantellas
  18 redbacks
  35 yaks
  Grum (D:9)
  4 basilisks
  4 hogs (Spider:1)
  3 fire bats (Volcano)
  4 steam dragons (Volcano)
  10 wraiths
  A hungry ghost (D:11)
  5 vampire mosquitoes
  A warg (Orc:1)
  An acid dragon (D:13)
  11 water moccasins
  A hornet zombie (D:15)
  30 orc warriors
  15 porcupines
  5 ice beasts
  A sky beast (D:14)
  3 black bears
  4 phantoms
  4 boggarts (D:15)
  A necrophage (D:11)
  11 ogres
  35 wolves
  16 centaurs
  13 crocodiles
  6 big kobolds
  22 bullfrogs
  A wyvern zombie (D:11)
  A wyvern skeleton (D:14)
  3 scorpions
  A hornet simulacrum (D:15)
  23 killer bees
  8 wights
  8 howler monkeys
  12 crimson imps
  2 bullfrog zombies
  2 centaur zombies
  7 hounds
  4 jellies
  A quasit (D:12)
  8 orc priests
  18 orc wizards
  4 bullfrog skeletons
  7 centaur skeletons
  Jessica (D:2)
  3 iguanas
  4 hell rats (Lair:5)
  10 worker ants
  2 hound skeletons
  4 gnolls
  11 adders
  3 shadow imps
  4 oozes
  An adder zombie (D:8)
  3 adder skeletons
  3 worms
  11 dart slugs
  10 leopard geckos
  54 orcs
  8 giant cockroaches
  22 goblins
  12 hobgoblins
  8 jackals
  12 quokkas
  2 ball pythons
  2 ball python skeletons (Ossuary)
  8 bats
  6 frilled lizards
  A hobgoblin zombie (Ossuary)
  3 jackal skeletons
  17 kobolds
  A kobold zombie (Ossuary)
  2 leopard gecko skeletons
  2 leopard gecko zombies
  3 orc skeletons (Ossuary)
  An orc zombie (Ossuary)
  A quokka skeleton (D:8)
  A quokka zombie (D:7)
  10 rats
  A fungus (Lair:1)
806 creatures vanquished.

Vanquished Creatures (collateral kills)
  An orb spider (Spider:1)
  A wolf spider (Spider:1)
  A polar bear (IceCv)
  A tarantella (Spider:1)
  2 yaks (IceCv)
  An ogre (Volcano)
7 creatures vanquished.

Vanquished Creatures (others)
  A frost giant (IceCv)
  An emperor scorpion (Spider:1)
  A very ugly thing (D:13)
  2 hydras
  Erica (D:10)
  The ghost of Wuochyse the Thaumaturge, a journeyman DEWz of Sif Muna (Lair:1)
  An orc sorcerer (Orc:2)
  An orc knight (Orc:2)
  2 salamanders (Volcano)
  3 spiny frogs (Lair:1)
  A polar bear (IceCv)
  A queen bee (Lair:1)
  A hornet (Lair:1)
  A wolf (IceCv)
  2 centaurs (Orc:2)
  2 orc priests (D:10)
  An iguana (D:10)
  An orc wizard (D:6)
  3 orcs
  9 fungi
  15 plants
51 creatures vanquished.

Grand Total: 864 creatures vanquished

Notes
Turn   | Place    | Note
-------+----------+-------------------------------------------
     0 | Abyss:1  | Anathematize the Vine Stalker Abyssal Knight began the
                  | quest for the Orb.
     0 | Abyss:1  | Reached XP level 1. HP: 11/11 MP: 3/3
    10 | D:1      | Escaped the Abyss
    64 | D:1      | Reached XP level 2. HP: 16/16 MP: 4/4
    93 | D:1      | Reached skill level 1 in Unarmed Combat
   130 | D:1      | Reached skill level 1 in Stealth
   695 | D:1      | Found a sparkling altar of Nemelex Xobeh.
   700 | D:1      | Reached XP level 3. HP: 19/19 MP: 5/5
   963 | D:1      | Reached ** piety under Lugonu
  1347 | D:2      | Reached skill level 2 in Unarmed Combat
  1402 | D:2      | Gained mutation: Your natural rate of healing is unusually
                  | fast. [Vine Stalker growth]
  1402 | D:2      | Reached XP level 4. HP: 24/24 MP: 6/6
  1679 | D:2      | Noticed Jessica
  1711 | D:2      | Killed Jessica
  1756 | D:2      | Reached XP level 5. HP: 25/28 MP: 7/7
  1766 | D:2      | Found a snail-covered altar of Cheibriados.
  1943 | D:2      | Noticed Robin
  2048 | D:3      | Reached *** piety under Lugonu
  2420 | D:3      | Noticed a human
  2421 | D:3      | Found a runed translucent door.
  2437 | D:3      | Found a basalt altar of Yredelemnul.
  3015 | D:4      | Found a glowing golden altar of the Shining One.
  3020 | D:4      | Found a basalt altar of Yredelemnul.
  3039 | D:4      | Noticed a profane servitor
  3090 | D:4      | Found a staircase to the Ecumenical Temple.
  3120 | D:4      | Reached skill level 3 in Unarmed Combat
  3161 | D:4      | Noticed a centaur
  3182 | D:4      | Killed a centaur
  3182 | D:4      | Reached XP level 6. HP: 14/32 MP: 4/9
  3277 | D:4      | Found a sand-covered staircase.
  3285 | Ossuary  | Entered an ossuary
  3354 | Ossuary  | Reached **** piety under Lugonu
  3489 | Ossuary  | Noticed a wraith
  3489 | Ossuary  | Noticed a flying skull
  3497 | Ossuary  | Noticed a flying skull
  3596 | Ossuary  | Reached XP level 7. HP: 23/37 MP: 2/11
  3648 | Ossuary  | Noticed a flying skull
  3681 | Ossuary  | Noticed a flying skull
  3687 | Ossuary  | Noticed a wraith
  3733 | Ossuary  | Killed a wraith
  3796 | Ossuary  | Noticed a flying skull
  3806 | Ossuary  | Noticed a wraith
  4085 | D:4      | You fall into a shaft and drop 1 floor!
  4085 | D:5      | Entered Level 5 of the Dungeon
  4540 | D:4      | Reached skill level 1 in Dodging
  4540 | D:4      | Reached skill level 4 in Unarmed Combat
  4540 | D:4      | Reached skill level 5 in Invocations
  4641 | D:4      | Noticed an angel
  5007 | D:4      | Gained mutation: You have razor-sharp teeth. [Vine Stalker
                  | growth]
  5007 | D:4      | Reached XP level 8. HP: 39/42 MP: 13/13
  5053 | D:5      | Found a runed translucent door.
  5068 | D:5      | Noticed Hefu's ghost (novice FoFi)
  5084 | D:5      | Noticed Sigmund
  5092 | D:5      | Killed Sigmund
  5797 | D:6      | Reached skill level 5 in Fighting
  5797 | D:6      | Reached skill level 5 in Unarmed Combat
  6338 | D:6      | Reached XP level 9. HP: 47/47 MP: 15/15
  7008 | D:7      | Reached skill level 1 in Throwing
  7194 | D:7      | Found Jokua's General Store.
  7201 | D:7      | Bought a scroll of teleportation for 39 gold pieces
  7209 | D:7      | Bought a +1 chain mail of cold resistance for 214 gold
                  | pieces
  7521 | D:8      | Reached skill level 6 in Unarmed Combat
  7597 | D:8      | Found a staircase to the Lair.
  7598 | D:8      | Noticed a death yak
  7598 | D:8      | Noticed a death yak
  7598 | D:8      | Noticed a death yak
  7738 | D:7      | Killed a death yak
  7852 | D:8      | Noticed a hornet
  7953 | D:8      | Reached XP level 10. HP: 42/53 MP: 17/17
  8426 | D:8      | Reached ***** piety under Lugonu
  8568 | Lair:1   | Entered Level 1 of the Lair of Beasts
  8829 | Lair:1   | Reached skill level 7 in Unarmed Combat
  8994 | Lair:1   | Noticed Wuochyse's ghost (journeyman DEWz)
  9015 | Lair:1   | Found a transporter.
  9144 | Lair:1   | Reached skill level 10 in Invocations
  9188 | Lair:1   | Noticed a spiny frog
  9189 | Lair:1   | Noticed a spiny frog
  9190 | Lair:1   | Banished a spiny frog
  9191 | Lair:1   | Banished a spiny frog
  9399 | Lair:1   | Noticed a spiny frog
  9400 | Lair:1   | Banished a spiny frog
  9402 | Lair:1   | Noticed an oklob plant
  9632 | D:9      | Found a white marble altar of Elyvilon.
  9783 | D:9      | Found a bloodstained altar of Trog.
  9788 | D:9      | Found an opulent altar of Gozag.
  9789 | D:9      | Found a shimmering altar of Xom.
  9791 | D:9      | Found a shimmering blue altar of Sif Muna.
  9793 | D:9      | Found a shadowy altar of Dithmenos.
  9919 | D:9      | Reached XP level 11. HP: 57/58 MP: 19/19
 10009 | D:9      | Found a staircase to the Orcish Mines.
 10009 | D:9      | Noticed Grum
 10033 | D:9      | Reached skill level 8 in Unarmed Combat
 10234 | D:7      | Killed a death yak
 10563 | D:7      | Killed a death yak
 10563 | D:7      | Reached skill level 5 in Throwing
 10970 | D:9      | Learned a level 3 spell: Regeneration
 11355 | D:9      | Killed Grum
 11411 | D:10     | Entered Level 10 of the Dungeon
 11470 | D:10     | Reached skill level 9 in Unarmed Combat
 11876 | D:10     | Found Ciesona's Magic Scroll Shop.
 12076 | D:10     | Noticed Joseph
 12101 | D:10     | Killed Joseph
 12137 | D:10     | Noticed Gastronok
 12220 | D:10     | Killed Gastronok
 12446 | D:10     | Noticed Erica
 12469 | D:10     | Corrupted D:10
 12469 | D:10     | Noticed a glowing orange brain
 12469 | D:10     | Noticed a large abomination
 12469 | D:10     | Noticed a green death
 12469 | D:10     | Noticed a starcursed mass
 12469 | D:10     | Noticed a thrashing horror
 12471 | D:10     | Noticed a glowing orange brain
 12471 | D:10     | Noticed a thrashing horror
 12471 | D:10     | Killed Erica
 12472 | D:10     | Noticed a starcursed mass
 12472 | D:10     | Noticed a thrashing horror
 12473 | D:10     | Noticed a white very ugly thing
 12474 | D:10     | Noticed a starcursed mass
 12635 | D:10     | Noticed Psyche
 12649 | D:10     | Killed Psyche
 12649 | D:10     | Reached skill level 10 in Unarmed Combat
 12649 | D:10     | Gained mutation: You heal very quickly. [Vine Stalker
                  | growth]
 12649 | D:10     | Reached XP level 12. HP: 64/65 MP: 21/21
 13146 | D:11     | Found a basalt altar of Yredelemnul.
 13646 | D:11     | Noticed Nergalle
 13649 | D:11     | Banished Nergalle
 14130 | D:8      | Found a radiant altar of Vehumet.
 14131 | D:8      | Found a burning altar of Makhleb.
 14226 | Lair:1   | Found a transporter.
 14950 | Lair:2   | You fall into a shaft and drop 2 floors!
 14969 | Lair:4   | Reached skill level 11 in Unarmed Combat
 15307 | Lair:2   | Noticed a four-headed hydra
 15318 | Lair:2   | Killed a four-headed hydra
 15689 | Lair:2   | Identified a scroll of acquirement
 16049 | Lair:2   | Got a pitted chain mail
 16212 | D:10     | Bought a scroll of identify for 32 gold pieces
 16212 | D:10     | Identified the +6 chain mail of the Bruised Hells {MR+
                  | Str-5 Dex+9} (You found it on level 2 of the Lair of
                  | Beasts)
 16553 | Lair:3   | Found a hole to the Spider Nest.
 16675 | Lair:3   | Noticed a five-headed hydra
 16688 | Lair:3   | Banished a five-headed hydra
 16698 | Lair:3   | Reached XP level 13. HP: 70/70 MP: 11/22
 17345 | Lair:3   | Reached skill level 12 in Unarmed Combat
 17624 | Lair:4   | Got a transparent pewter ring
 17735 | Lair:4   | Reached skill level 5 in Armour
 17938 | Lair:4   | Noticed Josephine
 17939 | Lair:4   | Banished Josephine
 18055 | Lair:4   | Identified the ring of Vysoysar {MR+ Str+5 Int+4} (You
                  | found it on level 4 of the Lair of Beasts)
 18139 | Lair:4   | Found a staircase to the Shoals.
 18678 | Lair:4   | Noticed a fire dragon
 18701 | Lair:4   | Killed a fire dragon
 18874 | Lair:5   | Found a viscous altar of Jiyva.
 18928 | Lair:5   | Found a staircase to the Slime Pits.
 19094 | Lair:5   | Found a dark tunnel.
 19102 | Volcano  | Entered a volcano
 19341 | Volcano  | Reached skill level 10 in Fighting
 19526 | Volcano  | Noticed a fire dragon
 19544 | Volcano  | Killed a fire dragon
 19562 | Volcano  | Got a translucent helmet
 19960 | Lair:5   | Upgraded the game from 0.24-a0-729-gac2e79e to
                  | 0.24-a0-733-g940da44
 20071 | Lair:5   | Noticed Snorg
 20074 | Lair:5   | Banished Snorg
 20074 | Lair:5   | Reached skill level 13 in Unarmed Combat
 20365 | Orc:1    | Entered Level 1 of the Orcish Mines
 20452 | Orc:1    | Found a roughly hewn altar of Beogh.
 20592 | Orc:1    | Found a frozen archway.
 20628 | IceCv    | Entered an ice cave
 21077 | IceCv    | Reached XP level 14. HP: 71/77 MP: 21/24
 21325 | IceCv    | Reached skill level 5 in Dodging
 21473 | IceCv    | Upgraded the game from 0.24-a0-733-g940da44 to
                  | 0.24-a0-745-g3348362
 21483 | IceCv    | Noticed a frost giant
 21506 | IceCv    | Banished a frost giant
 21793 | IceCv    | Got a transparent glass ring
 22837 | D:12     | Reached skill level 14 in Unarmed Combat
 23352 | D:12     | Identified the +2 helmet of Watchfulness {rC+ MR+ Stlth+}
                  | (You found it in a volcano)
 23618 | D:13     | Upgraded the game from 0.24-a0-745-g3348362 to
                  | 0.24-a0-762-gca426f5
 23983 | D:13     | Noticed a white very ugly thing
 23990 | D:13     | Identified the +5 short sword "Ematzib" {drain, +Rage rElec
                  | Str-3}
 24055 | D:13     | Banished a white very ugly thing
 24621 | D:14     | Found a gate leading to a gauntlet.
 24646 | Gauntlet | Entered a Gauntlet
 24646 | Gauntlet | Found a transporter.
 24646 | Gauntlet | Found a transporter.
 24646 | Gauntlet | Found a runed translucent gate.
 24648 | Gauntlet | Found a runed translucent gate.
 24653 | Gauntlet | Found a runed translucent gate.
 24669 | Gauntlet | Found a transporter.
 24690 | Gauntlet | Found a transporter.
 24699 | Gauntlet | Found a transporter.
 24699 | Gauntlet | Found a transporter.
 24699 | Gauntlet | Found a transporter.
 24702 | Gauntlet | Found a runed translucent door.
 24703 | Gauntlet | Found a transporter.
 24703 | Gauntlet | Found a transporter.
 24703 | Gauntlet | Found a transporter.
 24708 | Gauntlet | Reached skill level 1 in Shields
 24731 | Gauntlet | Found a transporter.
 24731 | Gauntlet | Found a transporter.
 24740 | Gauntlet | Got a faintly humming helmet
 24748 | Gauntlet | Identified the ring of Patience {rPois rF+ rN+ Str+4
                  | Slay+3}
 24864 | D:14     | Reached XP level 15. HP: 68/83 MP: 21/26
 24891 | D:14     | Reached skill level 15 in Unarmed Combat
 24895 | D:14     | Found a gate to the Vaults.
 24915 | D:14     | Identified the ring "Ottoig" {rElec Str+4 Int+2} (You found
                  | it in an ice cave)
 24948 | D:14     | Identified Faen's Volume of Curses and Heat
 25070 | D:14     | Identified the +1 helmet of the Country {-Tele rC+ Str+2}
                  | (You found it in a Gauntlet)
 25641 | Orc:2    | Entered Level 2 of the Orcish Mines
 25730 | Orc:2    | Found a staircase to the Elven Halls.
 25930 | Orc:2    | Found a roughly hewn altar of Beogh.
 26575 | Orc:2    | Found Enaobemat's Gadget Boutique.
 26575 | Orc:2    | Found Yhiehuk's Book Emporium.
 26577 | Orc:2    | Found Lopezxe's Jewellery Shoppe.
 26579 | Orc:2    | Found Cuab's Antique Armour Shop.
 26586 | Orc:2    | Bought an uncursed ring of see invisible for 255 gold
                  | pieces
 26596 | Orc:2    | Bought an uncursed ring of resist corrosion for 340 gold
                  | pieces
 26861 | D:15     | Entered Level 15 of the Dungeon
 26862 | D:15     | Upgraded the game from 0.24-a0-762-gca426f5 to
                  | 0.24-a0-769-g368c164
 26936 | D:15     | Found a runed translucent door.
 26960 | D:15     | Found a runed translucent door.
 27080 | D:15     | Reached skill level 16 in Unarmed Combat
 27099 | D:15     | Reached ****** piety under Lugonu
 27321 | D:15     | Found an iron altar of Okawaru.
 27382 | D:15     | Noticed AyAyRon's ghost (adept DsFi)
 27485 | D:15     | Noticed a lich
 27585 | D:15     | Found Rostaorgh's Magic Scroll Boutique.
 27593 | D:15     | Bought a scroll of identify for 28 gold pieces
 27593 | D:15     | Bought a scroll of summoning for 133 gold pieces
 27593 | D:15     | Bought a scroll of magic mapping for 49 gold pieces
 27593 | D:15     | Bought a scroll of identify for 28 gold pieces
 27664 | D:15     | Found a staircase to the Depths.
 28005 | D:15     | Killed AyAyRon's ghost
 28005 | D:15     | Reached skill level 17 in Unarmed Combat
 28042 | D:15     | Killed a lich
 28070 | D:15     | Got a pair of jewelled boots
 28297 | Lair:1   | Paralysed by a hornet for 1 turns
 28300 | Lair:1   | Banished Wuochyse's ghost
 28417 | Spider:1 | Entered Level 1 of the Spider Nest
 28475 | Spider:1 | Reached XP level 16. HP: 88/88 MP: 27/27
 28606 | Spider:1 | Noticed Kirke
 28616 | Spider:1 | Killed Kirke
 28811 | Spider:1 | Reached skill level 18 in Unarmed Combat
 28858 | Spider:1 | Identified the +1 pair of boots of Ynlesayh {rF+ Int+2
                  | Stlth+} (You found it on level 15 of the Dungeon)
 29823 | Spider:2 | Upgraded the game from 0.24-a0-769-g368c164 to
                  | 0.25-a0-41-g6cf4ce5
 29823 | Spider:2 | Upgraded the game from 0.25-a0-41-g6cf4ce5 to
                  | 0.25-a0-88-g1777079
 29823 | Spider:2 | Quit the game

Levels and vault maps discovered:
D:1:      eino_arrival_water_star, layout_basic, minmay_hexomino_r4
D:2:      layout_rooms, cheibriados_altar_1, uniq_robin, uniq_jessica
D:3:      layout_loops_ring, grunt_ministairs_1, minmay_misc_feat_five,
          minmay_misc_feat_pillars, dk_yredelemnul_ordeal
D:4:      kennysheep_slugbush, layout_basic, grunt_temple_overflow_holy_war,
          minmay_temple_entry_mist, enter_ossuary_1, first_ration
D:5:      layout_rooms, ebering_ghost_reflecting_pool, uniq_sigmund
D:6:      layout_basic, minmay_misc_feat_nine_boxes, minmay_microvault
D:7:      layout_loops_cross, serial_shops, shop
D:8:      layout_loops_ring, grunt_temple_overflow_lords_of_destruction,
          dpeg_lair_monsters, blue_anna_alchemist [blue_anna_fruit_fields,
          blue_anna_fruit_fields]
D:9:      layout_basic, minitemple, kennysheep_mini_moat, orc_0_dummy,
          kennysheep_generic_room_5, uniq_grum
D:10:     layout_stronghold, serial_shops, shop, nrook_mini_backslash,
          uniq_erica, uniq_psyche, uniq_joseph, uniq_gastronok
D:11:     layout_stronghold, minmay_ruined_shrine, uniq_nergalle
D:12:     minmay_the_grid_octo_triangle [minmay_the_grid_octo_clover_2,
          minmay_the_grid_octo_prize_single_spiral,
          minmay_the_grid_octo_tetromino_candy], layout_basic, minivault_7
D:13:     layout_long_grid, minmay_mirror_moons_of_madness
D:14:     layout_irregular_city, erik_vaults_1, minivault_4,
          gauntlet_entry_generic
D:15:     grunt_enter_depths_snipers, layout_basic, okawaru_ov_weapons_minmay,
          serial_shops, shop, muffindrake_ghost_dual_entry
Lair:1:   layout_roguey, gammafunk_ghost_hive, minmay_lair_oklob_chamber
Lair:2:   layout_loops_ring, beast_lair_carwin_2
Lair:3:   layout_chaotic_city, spider_nest_entry_webs
Lair:4:   dragon1_lemuel, layout_cave_pods, shoals_dummy_entry, uniq_josephine
Lair:5:   layout_loops_ring, slime_altar_1, nicolae_volcano_entry_hallway,
          serial_bayou_crossing, uniq_snorg
Spider:1: layout_spider_delve, uniq_kirke
Spider:2: layout_spider_delve
Orc:1:    layout_diamond_mine, basic_altar, portal_ice_cave_demonic_guard
Orc:2:    st_orc_rangers, layout_diamond_mine, basic_altar

Skill      XL: |  1  2  3  4  5  6  7  8  9 10 11 12 13 14 15 16 |
---------------+-------------------------------------------------+-----
Invocations    | 2 3 4 5 6 8 10 11 12 13 14 | 14.5
Unarmed Combat | 1 2 3 4 5 6 7 10 11 13 14 17 18 | 18.3
Stealth        | 1 |  1.4
Fighting       | 3 4 5 6 7 8 9 10 11 12 | 12.4
Armour         | 2 3 4 5 |  5.0
Dodging        | 1 2 3 4 5 |  5.8
Throwing       | 2 4 6 |  6.0
Shields        | 1 4 |  4.0
Polearms       | |  1.7

Action                   |  1- 3 |  4- 6 |  7- 9 | 10-12 | 13-15 | 16-18 || total
-------------------------+-------+-------+-------+-------+-------+-------++-------
Melee: Spear             |    62 |       |       |       |       |       ||    62
       Bite              |    25 |    64 |   154 |   302 |   585 |    75 ||  1205
       Dagger            |    52 |   223 |   445 |   227 |     6 |       ||   953
       Punch             |       |     2 |     7 |    35 |    56 |       ||   100
       Unarmed           |       |       |       |   620 |  1339 |   150 ||  2109
Throw: Stone             |     4 |     8 |       |     2 |       |       ||    14
       Boomerang         |       |    24 |     9 |     2 |       |       ||    35
       Dart              |       |       |    78 |    99 |    96 |    15 ||   288
Invok: Bend Space        |       |    16 |    34 |     9 |     3 |     1 ||    63
       Banish            |       |       |     2 |     9 |    18 |     1 ||    30
       Corrupt           |       |       |       |     1 |       |       ||     1
Evoke: Wand              |       |       |     8 |     3 |    47 |     2 ||    60
       Phial of floods   |       |       |       |     1 |     1 |       ||     2
  Use: Scroll            |     2 |     2 |    14 |    18 |    16 |     4 ||    56
       Potion            |       |       |     4 |     2 |     5 |     1 ||    12
 Stab: Sleeping          |     1 |       |       |       |       |       ||     1
       Distracted        |       |       |     1 |       |       |     1 ||     2
       Invisible         |       |       |       |     1 |     1 |       ||     2
  Eat: Chunk             |     2 |     7 |    15 |    23 |    35 |       ||    82
       Ration            |       |       |       |     3 |     3 |     1 ||     7
Armor: Leather armour    |     2 |       |       |       |       |       ||     2
       Chain mail        |    58 |   118 |   200 |   384 |   645 |   119 ||  1524
       Skin              |       |       |     3 |       |       |       ||     3
Dodge: Dodged            |    37 |    57 |   147 |   304 |   494 |    83 ||  1122
Block: Other             |       |       |    41 |    84 |    85 |       ||   210
       Reflection        |       |       |       |     1 |    57 |       ||    58
       Buckler           |       |       |       |       |   222 |    60 ||   282

Table legend:
 A = Non-vault XP
 B = Vault XP
 C = Vault XP percentage of total XP
 D = Non-vault monster count
 E = Vault monster count
 F = Vault count percentage of total count
                 A         B        C        D         E       F
            +---------+---------+-------+---------+---------+-------
      Total |   80429 |   69314 |  46.3 |     558 |     279 |  33.3
            +---------+---------+-------+---------+---------+-------
        D:1 |      60 |      14 |  18.9 |      27 |       5 |  15.6
        D:2 |      51 |      48 |  48.5 |      19 |       7 |  26.9
        D:3 |      47 |      17 |  26.6 |      21 |       5 |  19.2
        D:4 |     485 |      32 |   6.2 |      22 |       8 |  26.7
        D:5 |     417 |     238 |  36.3 |      16 |       1 |   5.9
        D:6 |     837 |     116 |  12.2 |      17 |       1 |   5.6
        D:7 |    1149 |    2527 |  68.7 |      26 |       3 |  10.3
        D:8 |    1279 |     429 |  25.1 |      30 |       5 |  14.3
        D:9 |    1399 |     801 |  36.4 |      19 |       7 |  26.9
       D:10 |    2667 |    3476 |  56.6 |      45 |       4 |   8.2
       D:11 |    1414 |    1204 |  46.0 |      14 |       9 |  39.1
       D:12 |    2345 |   10091 |  81.1 |      18 |      37 |  67.3
       D:13 |    3230 |    2015 |  38.4 |      24 |       7 |  22.6
       D:14 |    4110 |    1808 |  30.6 |      23 |       2 |   8.0
       D:15 |   17526 |   10975 |  38.5 |      47 |      15 |  24.2
     Lair:1 |    4005 |    1449 |  26.6 |      22 |      10 |  31.2
     Lair:2 |    6178 |    1593 |  20.5 |      24 |       5 |  17.2
     Lair:3 |    3115 |     408 |  11.6 |      16 |       2 |  11.1
     Lair:4 |    3888 |    2213 |  36.3 |      21 |       5 |  19.2
     Lair:5 |    4386 |     559 |  11.3 |      21 |       1 |   4.5
   Spider:1 |   12218 |    2878 |  19.1 |      34 |       5 |  12.8
   Spider:2 |    7583 |       0 |   0.0 |      23 |       0 |   0.0
      Orc:1 |     609 |     650 |  51.6 |       6 |       2 |  25.0
      Orc:2 |    1431 |    4133 |  74.3 |      23 |      37 |  61.7
    Ossuary |       0 |     427 | 100.0 |       0 |      13 | 100.0
      IceCv |       0 |   11146 | 100.0 |       0 |      52 | 100.0
    Volcano |       0 |    5134 | 100.0 |       0 |      26 | 100.0
   Gauntlet |       0 |    4933 | 100.0 |       0 |       5 | 100.0
            +---------+---------+-------+---------+---------+-------
